 Dungeon Crawl Stone Soup version 0.31-a0-986-g5e6e4ef867 (webtiles) character file.

Game seed: 659866860712707583

8881 croobank the Sneak (level 11, -11/85 HPs)
             Began as a Demonspawn Fire Elementalist on Nov 19, 2023.
             Was a Believer of Ashenzari.
             Mangled by a seven-headed hydra (14 damage)
             ... on level 9 of the Dungeon.
             The game lasted 00:39:28 (11411 turns).

croobank the Sneak (Demonspawn Fire Elementalist)  Turns: 11411, Time: 00:39:29

Health: -11/85     AC:  7    Str:  8    XL:     11   Next: 15%
Magic:  22/22      EV: 17    Int: 21    God:    Ashenzari [**....]
Gold:   548        SH:  0    Dex: 20    Spells: 15/25 levels left

rFire   . . .        d - +3 short sword (speed)
rCold   . . .        (no shield)
rNeg    . . .        M - +1 steam dragon scales
rPois   .            (helmet restricted)
rElec   .            k - scarf "Share My Submission" {repulsion, Elem, Range} (curse)
rCorr   +            (no gloves)
SInv    +            j - +0 pair of boots "All-seeing Seer" {Range, Bglg} (curse)
Will    .....        e - amulet "Lashed Adversity" {Regen+, Fort, Self} (curse)
Stlth   ++++         s - ring of resist corrosion
HPRegen 1.14/turn    t - ring of the Eye in the Sky {Dex+6, Dev, Cun} (curse)
MPRegen 0.18/turn

%: repel missiles
@: no status effects
A: hooves 2, horns 1, powered by pain 1, spiny 1, demonic touch 1
a: Renounce Religion, Curse Item, Shatter the Chains


You were on level 9 of the Dungeon.
You worshipped Ashenzari.
Ashenzari was pleased with you.
You visited 1 branch of the dungeon, and saw 9 of its levels.

You collected 548 gold pieces.

Inventory:

Hand Weapons
 b - a +0 sling
 d - a +3 short sword of speed (weapon)
 h - a +0 spear
 i - a +0 short sword
 r - a +1 dagger of venom
 P - a +1 scimitar of flaming
 Q - a +4 flail
 T - a +0 arbalest
Missiles
 L - 4 poisoned darts (quivered)
 R - 2 throwing nets
Armour
 c - a +0 robe
 j - the cursed +0 pair of boots "All-seeing Seer" (worn) {Range, Bglg}
   (You found it on level 2 of the Dungeon)

   It has a curse which improves the following skills: Ranged Combat: Ranged
   Weapons and Throwing.
   Beguiling: Conjurations, Hexes and Translocations.
 k - the cursed scarf "Share My Submission" (worn) {repulsion, Elem, Range}
   (You found it on level 2 of the Dungeon)

   It has a curse which improves the following skills: Elements: Fire Magic, Ice
   Magic, Air Magic and Earth Magic.
   Ranged Combat: Ranged Weapons and Throwing.
 o - the +1 chain mail "Waodurys" {rF++ Str+3 Stlth-}
   (You found it on level 2 of the Dungeon)

   Str+3:     It affects your strength (+3).
   rF++:      It greatly protects you from fire.
   Stlth-:    It makes you less stealthy.
 F - the +0 leather armour "Mats" {rElec rC- rN+ Str+7 Int+3}
   (You found it on level 5 of the Dungeon)

   Str+7:     It affects your strength (+7).
   Int+3:     It affects your intelligence (+3).
   rC-:       It makes you vulnerable to cold.
   rElec:     It insulates you from electricity.
   rN+:       It protects you from negative energy.
 K - a +0 buckler
 M - +1 steam dragon scales (worn)
 O - a +1 robe of fire resistance
Jewellery
 e - the cursed amulet "Lashed Adversity" (around neck) {Regen+, Fort, Self}
   (You found it on level 1 of the Dungeon)

   [amulet of regeneration]

   Regen+:    It increases your rate of health regeneration.
   It has a curse which improves the following skills: Fortitude: Armour and
   Shields.
   Introspection: Fighting and Spellcasting.
 s - a ring of resist corrosion (left hand)
 t - the cursed ring of the Eye in the Sky (right hand) {Dex+6, Dev, Cun}
   (You found it on level 3 of the Dungeon)

   [ring of dexterity]

   Dex+6:     It affects your dexterity (+6).
   It has a curse which improves the following skills: Devices: Evocations and
   Shapeshifting.
   Cunning:   Dodging and Stealth.
 v - a +6 ring of strength
 z - a ring of wizardry
Wands
 a - a wand of flame (24)
 m - a wand of acid (13)
 y - a wand of digging (4)
 H - a wand of iceblast (8)
 I - a wand of polymorph (5)
 U - a wand of mindburst (4)
Scrolls
 p - 2 scrolls of enchant armour
 q - 3 scrolls of teleportation
 u - 5 scrolls of poison
 w - 3 scrolls of fear
 x - a scroll of fog
 B - 3 scrolls of revelation
 C - 3 scrolls of amnesia
 E - 4 scrolls of blinking
 J - 2 scrolls of vulnerability
Potions
 f - 3 potions of heal wounds
 g - 9 potions of curing
 l - 2 potions of brilliance
 n - a potion of ambrosia
 A - a potion of might
 D - 2 potions of attraction
 G - a potion of berserk rage
 N - a potion of lignification
 S - a potion of mutation


   Skills:
 - Level 6.5(7.7) Fighting
 - Level 6.5(7.7) Dodging
 - Level 7.1(8.3) Stealth
 - Level 6.5(7.7) Spellcasting
 - Level 6.7(7.8) Conjurations
 + Level 5.9 Necromancy
 - Level 6.6(7.8) Fire Magic


You had 15 spell levels left.
You knew the following spells:

 Your Spells              Type           Power      Damage    Failure   Level
a - Foxfire               Conj/Fire      100%       2x1d9     1%          1
b - Scorch                Fire           82%        2d8       1%          2
c - Inner Flame           Hex/Fire       24%        N/A       4%          3
d - Dispel Undead         Necr           32%        3d14      7%          4

Your spell library contained the following spells:

 Spells                   Type           Power      Damage    Failure   Level
 Kiss of Death            Conj/Necr      100%       2d13      1%          1
 Flame Wave               Conj/Fire      41%        2d11      3%          4
 Sticky Flame             Conj/Fire      41%        2d6       3%          4
 Stone Arrow              Conj/Erth      50%        3d10      4%          3
 Volatile Blastmotes      Fire/Tloc      48%        2d14      4%          3
 Cigotuvi's Dreadful Rot  Necr/Pois/Air  32%        N/A       5%          2
 Sandblast                Erth           16%        2d6       8%          1
 Ignite Poison            Fire/Tmut/Pois 19%        N/A       9%          3
 Passwall                 Tmut/Erth      6%         N/A       12%         2
 Brom's Barrelling Bould  Conj/Erth      25%        2d5       16%         4
 Confusing Touch          Hex            8%         N/A       24%         3
 Death Channel            Necr           16%        N/A       73%         6
 Summon Forest            Summ/Tloc      4%         N/A       91%         5
 Eringya's Noxious Bog    Tmut/Pois      4%         4d6       100%        6
 Summon Hydra             Summ           4%         N/A       100%        7
 Ignition                 Fire           20%        3d7       100%        8


Dungeon Overview and Level Annotations

Branches:
Dungeon (9/15)             Temple (0/1) D:6            Lair (0/5) D:8
    Orc: D:9-12

Altars:
Ashenzari
Cheibriados
Dithmenos
Yredelemnul

Shops:
D:4 *   D:7 *=[

Annotations:
D:4 1 runed translucent door, Crazy Yiuf


Innate Abilities, Weirdness & Mutations

You have hoof-like feet.
You have a pair of small horns on your head.
You sometimes gain a little power by taking damage.
You are partially covered in sharp spines.
Your touch may inflict minor irresistible damage on your foes.


Message History

A gnoll bouda comes into view. It is wielding a +0 whip.
Casting: Foxfire (safe; 1% risk of failure)
Confirm with . or Enter, or press ? or * to list all spells.
Flames lash the seven-headed hydra.
The seven-headed hydra roars!
The seven-headed hydra is lightly wounded.
The seven-headed hydra's fire resistance burns away.
The gnoll bouda shouts!
Casting: Scorch (safe; 1% risk of failure)
Confirm with . or Enter, or press ? or * to list all spells.
Flames lash the gnoll bouda.
The gnoll bouda is moderately wounded.
The gnoll bouda's fire resistance burns away.
The seven-headed hydra bites you!
The seven-headed hydra barely misses you.
The seven-headed hydra bites you but does no damage.
The seven-headed hydra bites you. x2; The seven-headed hydra bites you!
The seven-headed hydra bites you.
Casting: Scorch (safe; 1% risk of failure)
Confirm with . or Enter, or press ? or * to list all spells.
Flames lash the gnoll bouda.
The gnoll bouda is burned terribly!
You kill the gnoll bouda!
The seven-headed hydra is no longer more vulnerable to fire.
The seven-headed hydra bites you. The seven-headed hydra misses you.
The seven-headed hydra barely misses you.
The seven-headed hydra closely misses you.
The seven-headed hydra bites you! x2; The seven-headed hydra bites you.
You hit the seven-headed hydra.
You touch the seven-headed hydra.
The seven-headed hydra is lightly wounded.
The seven-headed hydra bites you!
* * * LOW HITPOINT WARNING * * *
You focus on the pain.
You feel your power returning.
The seven-headed hydra completely misses you.
The seven-headed hydra bites you!
* * * LOW HITPOINT WARNING * * *
The seven-headed hydra bites you but does no damage. x2
The seven-headed hydra bites you.
* * * LOW HITPOINT WARNING * * *
The seven-headed hydra bites you!
You die...

....................###.#########
.....####.#.#.####...D.....#.....
.....#....#.........###...##.#.#.
######.#######.####.#####.....z..
#.....§...# #.....§§..#.....
#..#####..# #..#####§§##.##. #..#
#..# #..###.z{.§z....
#..#####..###....#<#..###...
#..........@D).#.#Y#......#.
##.#############.#.#.####... #.#
#....(....#§#.# #.#.
#.#####.######....#.# #...
#.......# #.####.# ### #.#######
#.# #.# #.# #.# #.# #.# #.####.#
### #......#


You could see a seven-headed hydra.

Vanquished Creatures
  Erica (D:8)
  A skeletal warrior (D:9)
  Pikel (D:7)
  Maggie (D:6)
  A kobold demonologist (D:9)
  2 trolls (D:9)
  A wyvern (D:9)
  6 yaks
  A vampire (D:9)
  A steam dragon (D:8)
  Edmund (D:5)
  An acid dragon (D:9)
  5 water moccasins
  Pargi (D:4)
  5 ice beasts
  A sky beast (D:7)
  2 black bears
  2 ogres
  A phantom (D:6)
  A centaur (D:7)
  2 lemures (D:7)
  A kobold brigand (D:9)
  10 bullfrogs
  A gnoll sergeant (D:9)
  5 scorpions
  8 wights
  16 killer bees
  2 centaur zombies (D:9)
  A howler monkey (D:5)
  2 hounds (D:5)
  An orc priest (D:7)
  A human zombie (D:9)
  2 gnoll boudas (D:9)
  4 jellies
  A sleepcap (D:8)
  Ijyb (D:4)
  4 iguanas
  5 orc wizards
  A killer bee zombie (D:9)
  2 mummies (D:9)
  A killer bee simulacrum (D:9)
  2 howler monkey zombies (D:9)
  3 adders
  4 gnolls (D:8)
  2 white imps (D:6)
  5 worms
  3 dart slugs
  19 orcs
  11 endoplasms
  3 giant cockroaches
  9 goblins
  9 hobgoblins
  7 jackals
  5 quokkas
  12 ball pythons
  3 bats
  3 frilled lizards
  6 kobolds
  4 rats
217 creatures vanquished.

Vanquished Creatures (collateral kills)
  2 foxfires (D:9)
2 creatures vanquished.

Vanquished Creatures (others)
  367 foxfires
367 creatures vanquished.

Grand Total: 586 creatures vanquished

Notes
Turn   | Place    | Note
-------+----------+-------------------------------------------
     0 | D:1      | croobank the Demonspawn Fire Elementalist began the quest
                  | for the Orb.
     0 | D:1      | Reached XP level 1. HP: 13/13 MP: 3/3
   293 | D:1      | Reached skill level 2 in Stealth
   293 | D:1      | Discovered your monstrous ancestry.
   293 | D:1      | Gained mutation: You have large cloven feet. [demonic
                  | ancestry]
   293 | D:1      | Reached XP level 2. HP: 19/19 MP: 5/5
   578 | D:1      | Learned a level 2 spell: Scorch
   838 | D:1      | Gained mutation: Your touch may inflict minor irresistible
                  | damage on your foes. [demonic ancestry]
   838 | D:1      | Reached XP level 3. HP: 24/24 MP: 3/6
   932 | D:1      | Found a faded altar of an unknown god.
   939 | D:1      | Prayed at the altar of an unknown god.
   939 | D:1      | Became a worshipper of Ashenzari the Shackled
  1536 | D:2      | Identified the +1 chain mail "Waodurys" {rF++ Str+3 Stlth-}
  1557 | D:2      | Gained mutation: You have hoof-like feet. [demonic
                  | ancestry]
  1557 | D:2      | Reached XP level 4. HP: 32/32 MP: 1/8
  1947 | D:2      | Learned a level 3 spell: Inner Flame
  2017 | D:2      | Noticed an ogre
  2021 | D:2      | Killed an ogre
  2022 | D:2      | Reached skill level 1 in Fighting
  2022 | D:2      | Reached XP level 5. HP: 38/38 MP: 1/9
  2296 | D:2      | Reached * piety under Ashenzari
  3039 | D:3      | Reached ** piety under Ashenzari
  3487 | D:4      | Reached skill level 3 in Stealth
  3496 | D:4      | Found a shadowy altar of Dithmenos.
  3720 | D:4      | Found a runed translucent door.
  3721 | D:4      | Noticed Crazy Yiuf
  4018 | D:4      | Found Woutorgh's Elemental Accessories.
  4019 | D:4      | Noticed Pargi
  4019 | D:4      | Noticed Ijyb
  4038 | D:5      | Entered Level 5 of the Dungeon
  4045 | D:5      | Reached XP level 6. HP: 40/46 MP: 8/12
  4314 | D:5      | Identified the +0 leather armour "Mats" {rElec rC- rN+
                  | Str+7 Int+3}
  4382 | D:5      | Noticed Edmund
  4408 | D:5      | Gained mutation: You sometimes gain a little power by
                  | taking damage. [demonic ancestry]
  4408 | D:5      | Reached XP level 7. HP: 33/52 MP: 2/13
  4410 | D:5      | Killed Edmund
  4726 | D:5      | Reached skill level 4 in Stealth
  4891 | D:5      | Found a snail-covered altar of Cheibriados.
  5058 | D:4      | Killed Ijyb
  5131 | D:4      | Killed Pargi
  5680 | D:6      | Gained mutation: You are partially covered in sharp spines.
                  | [demonic ancestry]
  5680 | D:6      | Reached XP level 8. HP: 40/61 MP: 6/15
  5911 | D:6      | Found a staircase to the Ecumenical Temple.
  6731 | D:6      | Reached skill level 5 in Stealth
  6846 | D:5      | Reached skill level 5 in Fire Magic
  6850 | D:5      | Reached XP level 9. HP: 48/68 MP: 6/17
  7141 | D:6      | Reached skill level 5 in Dodging
  7141 | D:6      | Reached skill level 5 in Spellcasting
  7150 | D:6      | Reached skill level 5 in Conjurations
  7521 | D:7      | Found Cickimud's Jewellery Shoppe.
  7527 | D:7      | Noticed Maggie
  7543 | D:6      | Killed Maggie
  7544 | D:6      | Reached skill level 5 in Fighting
  7839 | D:7      | Found Murolydgh's General Store.
  7989 | D:7      | Reached skill level 6 in Stealth
  8164 | D:7      | Found Tahat's Antique Armour Emporium.
  8223 | D:7      | Noticed Pikel
  8275 | D:7      | Killed Pikel
  8276 | D:7      | Gained mutation: You have a pair of small horns on your
                  | head. [demonic ancestry]
  8276 | D:7      | Reached XP level 10. HP: 77/77 MP: 12/20
  8599 | D:8      | Found a staircase to the Lair.
  8607 | D:8      | Noticed Erica
  8629 | D:8      | Killed Erica
  9849 | D:9      | Reached skill level 7 in Stealth
 10113 | D:9      | Identified the +5 plate armour "Gesic" {rC++ Str+2}
 10113 | D:9      | Noticed a skeletal warrior
 10135 | D:9      | Learned a level 4 spell: Dispel Undead
 10307 | D:9      | Reached skill level 1 in Necromancy
 10308 | D:9      | Noticed a gargoyle
 10575 | D:9      | Noticed a catoblepas
 10825 | D:9      | Found a basalt altar of Yredelemnul.
 10912 | D:9      | Reached XP level 11. HP: 69/85 MP: 18/22
 10971 | D:9      | Killed a skeletal warrior
 10972 | D:9      | Reached skill level 5 in Necromancy
 11387 | D:9      | Noticed a seven-headed hydra
 11411 | D:9      | HP: 3/85 [seven-headed hydra (2)]
 11411 | D:9      | Mangled by a seven-headed hydra

Illustrated notes

Levels and vault maps discovered:
D:1:      sevenhm_arrival_forest_fort_large_4, layout_basic,
          hellmonk_ecumenical_altar_slurped_away
D:2:      layout_loops_cross, minmay_pentomino_t2
D:3:      layout_basic
D:4:      layout_cave_pods, nicolae_dithmenos_through_a_glass_darkly,
          nicolae_elemental_shop, uniq_crazy_yiuf_cottage, uniq_ijyb, uniq_pargi
D:5:      layout_cave_pools, kennysheep_mini_moat, lemuel_crystal_altar,
          uniq_edmund
D:6:      layout_cave_pods, minmay_temple_entry_hall, serial_rivers,
          chequers_serial_rivers_room_b, chequers_serial_rivers_micro_a,
          chequers_serial_rivers_micro_e, chequers_serial_rivers_large_a,
          uniq_prince_ribbit1
D:7:      layout_basic, serial_shops, shop, shop, nicolae_shop_advertising_works
          [nicolae_subvault_shop_adworks], uniq_maggie, uniq_pikel
D:8:      layout_basic, due_lair_maze_entry_diamond, uniq_erica
D:9:      nzn_winding_woodlands_large [nzn_winding_woodlands_5x5_closed_star,
          nzn_winding_woodlands_5x15_split_checker,
          nzn_winding_woodlands_5x5_three, nzn_winding_woodlands_center_garden,
          nzn_winding_woodlands_15x15_five_gardens,
          nzn_winding_woodlands_center_lodge,
          nzn_winding_woodlands_5x5_checkerboard,
          nzn_winding_woodlands_5x15_twine,
          nzn_winding_woodlands_5x5_perimeter], layout_basic,
          lemuel_mausoleum_altar_yredelemnul

Skill      XL: |  1  2  3  4  5  6  7  8  9 10 11 |
---------------+----------------------------------+-----
Stealth        | 2 3 4 5 6 7 |  7.1
Dodging        | 2 3 4 5 6 |  6.5
Fire Magic     | 3 4 5 6 |  6.6
Fighting       | 1 2 3 4 5 6 |  6.5
Conjurations   | 2 3 4 5 6 |  6.7
Spellcasting   | 3 4 5 6 |  6.5
Necromancy     | 4 5 |  5.9

Action                     |  1- 3 |  4- 6 |  7- 9 | 10-12 || total
---------------------------+-------+-------+-------+-------++-------
  Melee: Short sword       |    21 |    34 |    37 |    81 ||   173
         Touch             |     4 |     8 |     6 |    15 ||    33
         Kick              |     4 |       |       |       ||     4
         Dagger            |       |     9 |       |       ||     9
         Headbutt          |       |       |       |    16 ||    16
         Punch             |       |       |       |     1 ||     1
   Fire: Sling             |    53 |    66 |       |       ||   119
  Throw: Dart              |       |       |       |     4 ||     4
   Cast: Foxfire           |    29 |    18 |   107 |    67 ||   221
         Scorch            |    13 |    27 |    50 |    63 ||   153
         Inner Flame       |       |     3 |     8 |     1 ||    12
         Dispel Undead     |       |       |       |     4 ||     4
 Invoke: Curse Item        |     1 |     3 |       |       ||     4
  Evoke: Wand              |       |       |     1 |     3 ||     4
    Use: Scroll            |     1 |       |     2 |     1 ||     4
         Potion            |       |     3 |       |       ||     3
   Stab: Sleeping          |     2 |     2 |     3 |    14 ||    21
 Armour: Robe              |    22 |    40 |    16 |       ||    78
         Steam dragon scal |       |       |     6 |    75 ||    81
  Dodge: Dodged            |    30 |    58 |    32 |   112 ||   232
         Repelled          |       |     1 |       |     1 ||     2

Table legend: (Time is in decaauts)
 A = Elapsed time spent in this place.
 B = Non-inter-level travel time spent in this place.
 C = Inter-level travel time spent in this place.
 D = Time resting spent in this place.
 E = Time spent auto-exploring this place.
 F = Levels seen in this place.
 G = Mean time per level.
                   A        B        C        D        E       F      G
               +--------+--------+--------+--------+--------+-----+--------+
         Total |  11407 |  11027 |    380 |   2926 |   6132 |   9 | 1267.4 |
       Dungeon |  11407 |  11027 |    380 |   2926 |   6132 |   9 | 1267.4 |
               +--------+--------+--------+--------+--------+-----+--------+

Top non-repeatable levels by time:
     D:6: 1808 daAuts
     D:8: 1451 daAuts
     D:2: 1380 daAuts
     D:9: 1351 daAuts
     D:4: 1225 daAuts
     D:5: 1197 daAuts
     D:1: 1150 daAuts
     D:7: 929 daAuts
     D:3: 912 daAuts
